AoeStats
← SLTD.NinjaXXCrowXX

Arabia

510869849Analyzed
4v4 RM · 9h ago on Oct 2, 2026· 33m 10s· 8 players
Game mode
Random Map
Map size
Large (8 player)
Population
200
Speed
Normal
Resources
Standard
Victory
Conquest
Starting age
Dark Age
Ending age
Imperial Age
RankedLock teamsTeams togetherTeam positionsShared explorationLock speedFull tech treeHidden civsTurbo modeCheats
Victory
Defeat
🇧🇷 Ethiopians · Brazil
1299
+14
🇦🇷 Saracens · Argentina
1240
+16
🇦🇷 Magyars · Argentina
1239
+16
🇨🇴 Franks · Colombia
1210
+19
🇮🇪 Ethiopians · Ireland
1270
-17
🇺🇸 Bulgarians · United States
1265
-17
🇨🇴 Saracens · Colombia
1251
-16
🇨🇴 Teutons · Colombia
1212
-15
SLTD.NinjaXXCrowXX
10:09 Feudal Age
10:48 Double-Bit Axe
18:14 Bloodlines
18:08 Loom
25:20 Castle Age
24:16 Scale Barding Armor
24:22 Forging
27:12 Bow Saw
27:42 Wheelbarrow
27:10 Fletching
29:53 Horse Collar
30:32 Gold Mining
30:47 Heavy Plow
Lexi ní Anord
6:30 Loom
9:43 Feudal Age
10:15 Double-Bit Axe
13:46 Fletching
14:31 Padded Archer Armor
24:03 Castle Age
24:16 Crossbowman
24:52 Bodkin Arrow
SATOLEP
7:06 Loom
9:16 Feudal Age
14:59 Fletching
16:04 Padded Archer Armor
26:08 Castle Age
26:18 Double-Bit Axe
26:27 Gold Mining
26:07 Crossbowman
26:45 Bodkin Arrow
28:35 Leather Archer Armor
31:13 Thumb Ring
hargir
2:15 Loom
10:41 Feudal Age
17:03 Castle Age
15:17 Double-Bit Axe
17:26 Horse Collar
20:03 Bow Saw
31:07 Forging
32:24 Wheelbarrow
33:03 Scale Barding Armor
Elfelo
7:39 Loom
10:07 Feudal Age
11:37 Double-Bit Axe
16:17 Wheelbarrow
17:30 Forging
22:04 Castle Age
20:16 Scale Barding Armor
23:27 Chain Barding Armor
24:09 Husbandry
27:04 Bow Saw
26:51 Gold Mining
30:51 Iron Casting
31:40 Gold Shaft Mining
Pelado
6:41 Loom
9:20 Feudal Age
9:59 Double-Bit Axe
15:45 Wheelbarrow
20:30 Castle Age
19:23 Scale Barding Armor
19:45 Bloodlines
22:34 Horse Collar
23:22 Light Cavalry
26:32 Chain Barding Armor
30:29 Husbandry
frantiescolucas
3:24 Loom
3:50 Loom
11:07 Feudal Age
9:37 Loom
18:17 Castle Age
17:34 Padded Archer Armor
18:15 Fletching
18:31 Crossbowman
19:44 Bodkin Arrow
21:04 Town Watch
26:34 Leather Archer Armor
27:01 Gold Mining
26:57 Double-Bit Axe
29:14 Wheelbarrow
30:02 Ballistics
29:58 Bow Saw
29:34 Horse Collar
31:35 Thumb Ring
33:28 Gold Shaft Mining
32:47 Stone Mining
el pichichi
6:35 Loom
9:28 Feudal Age
15:09 Loom
18:00 Double-Bit Axe
18:05 Gold Mining
20:01 Fletching
20:12 Padded Archer Armor
28:38 Castle Age
28:42 Crossbowman
29:18 Bodkin Arrow
29:38 Leather Archer Armor
30:16 Thumb Ring
32:16 Gold Shaft Mining
32:16 Horse Collar
Connection lost

Rejoining the realm…

Still unreachable

The connection could not be restored.

Session expired

The server has moved on; the page needs a fresh start.